 Dungeon Crawl Stone Soup version 0.30.1-9-gdf580d7c3d (webtiles) character file.

Game seed: 11789849388863893579

30 lonewolfV2 the Conjurer (level 3, 0/10 (28) HPs)
             Began as a Demonspawn Reaver on Oct 24, 2023.
             Slain by a sleepcap (5 damage)
             ... on level 3 of the Dungeon.
             The game lasted 00:04:32 (2489 turns).

lonewolfV2 the Conjurer (Demonspawn Reaver)         Turns: 2489, Time: 00:04:33

HP:   0/10 (28)     AC:  3    Str: 12    XL:     3   Next: 3%
MP:   1/6           EV: 11    Int: 16    God:
Gold: 120           SH:  0    Dex: 11    Spells: 5/7 levels left

rFire   . . .        a - +0 hand axe
rCold   . . .        (no shield)
rNeg    . . .        b - +0 leather armour
rPois   .            (no helmet)
rElec   .            (no cloak)
rCorr   .            (no gloves)
SInv    .            (no boots)
Will    .....        (no amulet)
Stlth   +            d - ring of wizardry
HPRegen 0.21/turn    (no ring)
MPRegen 0.10/turn

%: clarity, wizardry (x1)
@: extremely drained, unable to read
A: demonic guardian 1, weakness stinger 1, hooves 1, clarity, inability to read
after injury 1
a: no special abilities


You were on level 3 of the Dungeon.
You visited 1 branch of the dungeon, and saw 3 of its levels.

You collected 120 gold pieces.

Inventory:

Hand Weapons
 a - a +0 hand axe (weapon)
Armour
 b - a +0 leather armour (worn)
 f - a +1 scale mail of fire resistance
 h - a +0 robe
Jewellery
 d - a ring of wizardry (left hand)
Scrolls
 i - 2 scrolls of identify
Potions
 c - 3 potions of curing
 e - a potion of invisibility
 g - a potion of cancellation


   Skills:
 + Level 2.4 Fighting
 - Level 2.7 Axes
 - Level 1.8 Dodging
 * Level 2.6 Spellcasting
 + Level 3.3 Conjurations


You had 5 spell levels left.
You knew the following spells:

 Your Spells              Type           Power      Damage    Failure   Level
a - Kiss of Death         Conj/Necr      28%        2d7       5%          1
b - Magic Dart            Conj           48%        1d5       2%          1

Your spell library contained the following spells:

 Spells                   Type           Power      Damage    Failure   Level
 Momentum Strike          Conj/Tloc      14%        3d8       8%          2
 Call Imp                 Summ           4%         N/A       16%         2
 Hailstorm                Conj/Ice       7%         3d4       16%         3
 Mephitic Cloud           Conj/Pois/Air  5%         N/A       19%         3


Dungeon Overview and Level Annotations

Branches:
Dungeon (3/15)

Altars:


Innate Abilities, Weirdness & Mutations

A weak demonic guardian rushes to your aid.
You have a small tail.
You have large cloven feet.
You possess an exceptional clarity of mind.
You occasionally lose the ability to read scrolls when taking damage.


Message History

The endoplasm is heavily wounded.
Casting: Magic Dart (safe; 2% risk of failure)
Confirm with . or Enter, or press ? or * to list all spells.
Aiming: Magic Dart (safe; 2% risk of failure)
Press: ? - help, Shift-Dir - straight line, f/p - endoplasm
Aim: an endoplasm (heavily wounded, 100% to hit)
The magic dart hits the endoplasm.
You kill the endoplasm!
Casting: Magic Dart (safe; 2% risk of failure)
Confirm with . or Enter, or press ? or * to list all spells.
Aiming: Magic Dart (safe; 2% risk of failure)
Press: ? - help, Shift-Dir - straight line, f - sleepcap
Aim: a sleepcap (lightly damaged, 100% to hit)
The magic dart hits the sleepcap.
The sleepcap is moderately damaged.
Casting: Magic Dart (safe; 2% risk of failure)
Confirm with . or Enter, or press ? or * to list all spells.
Aiming: Magic Dart (safe; 2% risk of failure)
Press: ? - help, Shift-Dir - straight line, f/p - sleepcap
Aim: a sleepcap (moderately damaged, 100% to hit)
The magic dart hits the sleepcap but does no damage.
The sleepcap is moderately damaged.
The sleepcap misses you.
A worm comes into view.
The sleepcap attacks as you move away! The sleepcap closely misses you.
The sleepcap attacks as you move away! The sleepcap releases spores at you.
An endoplasm comes into view.
The sleepcap attacks as you move away! The sleepcap releases spores at you.
You hit the worm.
Your tail-slap misses the worm.
The worm is lightly wounded.
You hit the sleepcap.
The sleepcap releases spores at you but does no damage.
The worm bites you but does no damage. The sleepcap releases spores at you.
You are engulfed in a cloud of soporific spores!
You are unaffected.
The sleepcap closely misses you. The sleepcap releases spores at you.
You feel threatened and lose the ability to read scrolls!
Ouch! That really hurt!
You die...

#######.###.#.# ####
#.......# #.#.######
#.#####.###.#.......
#. #............####
#.##.###.#..#.#
#......)......#
#..#.#####..#.#
#....# ..# #
+..@.##### .#
#...f....#..#
##.w........
#...........
+...####.#.. ##...
.... #... ... #..##
.# .J.#


You could see a sleepcap and a worm.

Vanquished Creatures
  5 endoplasms
  2 giant cockroaches (D:1)
  2 goblins
  4 hobgoblins
  5 ball pythons
  2 bats
  6 kobolds
26 creatures vanquished.

Notes
Turn   | Place    | Note
-------+----------+-------------------------------------------
     0 | D:1      | lonewolfV2 the Demonspawn Reaver began the quest for the
                  | Orb.
     0 | D:1      | Reached XP level 1. HP: 16/16 MP: 3/3
   224 | D:1      | Gained mutation: You have a small tail. [demonic ancestry]
   224 | D:1      | Reached XP level 2. HP: 4/8 MP: 1/5
   616 | D:1      | Learned a level 1 spell: Magic Dart
  1122 | D:1      | Gained mutation: You occasionally lose the ability to read
                  | scrolls when taking damage. [potion of mutation]
  1122 | D:1      | Gained mutation: You possess an exceptional clarity of
                  | mind. [potion of mutation]
  1122 | D:1      | Gained mutation: You have large cloven feet. [potion of
                  | mutation]
  2279 | D:3      | Gained mutation: A weak demonic guardian rushes to your
                  | aid. [demonic ancestry]
  2279 | D:3      | Reached XP level 3. HP: 10/10 MP: 3/6
  2489 | D:3      | Slain by a sleepcap

Illustrated notes

Levels and vault maps discovered:
D:1:      spicycebolla_green_bress_n_ham, layout_basic
D:2:      layout_basic
D:3:      layout_loops_ring, nicolae_overflow_crystal_walls, zin_scriptorium,
          mainiacjoe_overflow_24_doors,
          nicolae_gozag_cash_rules_everything_around_me,
          ebering_ecumenical_altar_abandoned

Action                     || total
---------------------------++-------
  Melee: Hand axe          ||     5
         Kick              ||     1
         Tailslap          ||     1
   Cast: Kiss of Death     ||    14
         Magic Dart        ||    26
    Use: Scroll            ||     4
         Potion            ||     3
 Armour: Leather armour    ||     7
  Dodge: Dodged            ||     6
